 Dungeon Crawl Stone Soup version 0.19.4-8-ga85b6b9 (webtiles) character file.

245 vatarom the Twirler (level 5, -3/38 HPs)
             Began as a Demonspawn Gladiator on Feb 12, 2017.
             Slain by an adder (5 damage)
             ... on level 2 of the Dungeon.
             The game lasted 00:03:33 (2307 turns).

vatarom the Twirler (Demonspawn Gladiator)          Turns: 2307, Time: 00:03:34

Health: -3/38      AC:  7    Str: 15    XL:     5   Next: 84%
Magic:  5/5        EV: 12    Int: 10    God:
Gold:   92         SH:  0    Dex: 14    Spells: 0 memorised, 4 levels left

rFire  + . .     SeeInvis +     a - +0 quarterstaff
rCold  . . .     Gourm    .     b - +0 leather armour
rNeg   . . .     Faith    .     (shield currently unavailable)
rPois  .         Spirit   .     c - +0 helmet
rElec  .         Reflect  .     (no cloak)
rCorr  .         Harm     .     i - +0 pair of gloves
MR     .....                    (no boots)
Stlth  +.........               g - amulet of rage
                                n - ring of see invisible
                                f - ring of protection from fire

@: lethally poisoned (-3 -> -7), exhausted, slowed, very slow
A: iridescent scales 1, powered by pain 2
a: Evoke Berserk Rage


You were on level 2 of the Dungeon.
You were very hungry.

You visited 1 branch of the dungeon, and saw 4 of its levels.

You collected 92 gold pieces.

Inventory:

Hand Weapons
 a - a +0 quarterstaff (weapon)
Armour
 b - a +0 leather armour (worn)
 c - a +0 helmet (worn)
 i - a +0 pair of gloves (worn)
Jewellery
 f - a ring of protection from fire (left hand)
 g - an amulet of rage (around neck)
 k - an uncursed amulet of magic regeneration
 n - a ring of see invisible (right hand)
Scrolls
 e - 2 scrolls of recharging
 j - 4 scrolls of magic mapping
Potions
 l - a potion of brilliance
Comestibles
 h - 2 meat rations
 m - 2 bread rations


   Skills:
 - Level 2.0 Fighting
 + Level 6.0 Staves
 - Level 1.7 Throwing
 - Level 2.6 Dodging


You had 4 spell levels left.
You didn't know any spells.

Dungeon Overview and Level Annotations

Branches:
Dungeon (4/15)
 Temple: D:4-7

Altars:
Dithmenos
Qazlal
The Shining One


Innate Abilities, Weirdness & Mutations

You are partially covered in iridescent scales. (AC +2)
You sometimes gain power by taking damage.


Message History

You throw a throwing net.
The throwing net barely misses the adder.
The adder bites you but does no damage.
Firing (i - inventory): No suitable missiles.
Press: ? - help, Shift-Dir - straight line, f/p - adder
Aim: an adder
Okay, then.
You closely miss the adder.
You feel sick.
You are no longer poisoned.
The adder closely misses you. The adder bites you.
* * * LOW HITPOINT WARNING * * *
You are lethally poisoned!
The adder poisons you!
Okay, then.
Okay, then.
You hit the adder.
The adder is moderately wounded.
* * * LOW HITPOINT WARNING * * *
You feel sick. The adder bites you but does no damage. The adder bites you.
You die...

#.#.... ##....... #. ##
##.<...... #.. ##. #....###..
#..###..##....#≈#..
#...#..#......###.?
#.....#)##<.......
#...S.###....... #.#.@## ###..##
#.##.#...## #..## #.#....#..#
##.## ####....####.###..#
#######.......##........#
........#..###...####...#
...............######.#.#########
.....†.>.......†........##.......
........†.....######.....†..#...#


You could see an adder.

Vanquished Creatures
  An ogre (D:4)
  A worker ant (D:4)
  6 adders
  A shadow imp (D:4)
  2 oozes (D:1)
  2 worms
  A dart slug (D:2)
  A leopard gecko (D:1)
  An orc (D:4)
  A ball python (D:1)
  9 bats
  2 giant cockroaches
  8 goblins
  3 hobgoblins
  5 jackals (D:1)
  4 frilled lizards (D:1)
  9 kobolds
  A quokka skeleton (D:4)
  6 rats
64 creatures vanquished.

Notes
Turn   | Place    | Note
-------+----------+-------------------------------------------
     0 | D:1      | vatarom the Demonspawn Gladiator began the quest for the Orb.
     0 | D:1      | Reached XP level 1. HP: 16/16 MP: 1/1
    35 | D:1      | Reached skill level 3 in Staves
   273 | D:1      | Gained mutation: You sometimes gain a little power by taking damage. [demonic ancestry]
   273 | D:1      | Reached XP level 2. HP: 22/22 MP: 2/2
   427 | D:1      | Gained mutation: You are partially covered in iridescent scales. (AC +2) [demonic ancestry]
   427 | D:1      | Reached XP level 3. HP: 15/27 MP: 3/3
   626 | D:1      | Reached skill level 4 in Staves
   984 | D:2      | You fall through a shaft for 2 floors!
  1006 | D:4      | Found a shadowy altar of Dithmenos.
  1032 | D:4      | Found a stormy altar of Qazlal.
  1306 | D:4      | Noticed an ogre
  1319 | D:4      | Killed an ogre
  1319 | D:4      | Reached skill level 5 in Staves
  1319 | D:4      | Reached XP level 4. HP: 7/33 MP: 4/4
  1319 | D:4      | Gained mutation: You sometimes gain power by taking damage. [demonic ancestry]
  1319 | D:4      | Reached XP level 5. HP: 8/38 MP: 5/5
  2168 | D:2      | Found a glowing golden altar of the Shining One.
  2284 | D:2      | Reached skill level 6 in Staves
  2307 | D:2      | Slain by an adder

Skill      XL: |  1  2  3  4  5 |
---------------+----------------+-----
Staves         | 3 5 6 |  6.0
Fighting       | |  2.0
Throwing       | |  1.7
Dodging        | |  2.6

Action                   |  1- 3 |  4- 6 || total
-------------------------+-------+-------++-------
Melee: Quarterstaff      |   129 |    61 ||   190
Throw: Throwing net      |     2 |     2 ||     4
 Abil: Evoke Berserk Rag |       |     1 ||     1
  Use: Scroll            |     2 |       ||     2
       Potion            |     2 |       ||     2
 Stab: Sleeping          |     1 |       ||     1
  Eat: Bread ration      |     1 |       ||     1
Armor: Leather armour    |    61 |    22 ||    83
Dodge: Dodged            |   115 |    41 ||   156
